 Dungeon Crawl Stone Soup version 0.28.0-43-g3370ac3207 (webtiles) character file.

Game seed: 17546546880635824672

9101 Ablot the Thaumaturge (level 11, -16/94 HPs)
             Began as a Gnoll Warper on Mar 12, 2022.
             Was a Follower of the Shining One.
             Demolished by Urug
             ... wielding a +6 demon trident
              (24 damage)
             ... on level 11 of the Dungeon.
             The game lasted 00:26:11 (14498 turns).

Ablot the Thaumaturge (Gnoll Warper)               Turns: 14498, Time: 00:26:12

Health: -16/94     AC:  8    Str: 14    XL:     11   Next: 41%
Magic:  20/23      EV: 15    Int: 13    God:    the Shining One [*.....]
Gold:   847        SH:  9    Dex: 12    Spells: 23/26 levels left

rFire   . . .      SeeInvis +   P - +11 flail "Ustrocef" {vorpal, SInv}
rCold   . . .      Faith    .   (no shield)
rNeg    . . .      Spirit   .   x - +2 robe {Will+}
rPois   .          Reflect  .   n - +0 helmet
rElec   .          Harm     .   u - scarf {+Inv}
rCorr   .          Rampage  .   k - +0 pair of gloves
Will    +....                   t - +0 pair of boots
Stlth   ++........              (no amulet)
HPRegen 0.25/turn               (no ring)
MPRegen 0.18/turn               (no ring)

@: divinely shielded, glowing
A: fangs 1, strong nose, distributed training, robust 1
a: Renounce Religion, Evoke Invisibility, Divine Shield


You were on level 11 of the Dungeon.
You worshipped the Shining One.
The Shining One was aware of your devotion.
You visited 2 branches of the dungeon, and saw 12 of its levels.

You collected 847 gold pieces.

Inventory:

Hand Weapons
 j - a +1 halberd of venom
 o - a +0 hunting sling
 C - a +4 war axe of freezing
 P - the +11 flail "Ustrocef" (weapon) {vorpal, SInv}
   (You found it on level 9 of the Dungeon)

   It inflicts extra damage upon your enemies.
   SInv:      It lets you see invisible.
Missiles
 d - a boomerang of dispersal
 e - 201 arrows
 g - 520 stones
 z - 2 boomerangs
 D - 2 curare-tipped darts
 F - 12 poisoned darts (quivered)
 G - 91 sling bullets
 I - 33 bolts
Armour
 k - a +0 pair of gloves (worn)
 n - a +0 helmet (worn)
 q - a +0 troll leather armour
 t - a +0 pair of boots (worn)
 u - a scarf of invisibility (worn)
 x - a +2 robe of willpower (worn)
 E - a +1 robe of cold resistance
Magical Staves
 w - a staff of cold
 B - a staff of fire
Jewellery
 S - a +6 ring of intelligence
Wands
 p - a wand of paralysis (8)
 H - a wand of flame (48)
Scrolls
 a - a scroll of immolation {unknown}
 b - 2 scrolls of holy word {unknown}
 c - a scroll of blinking
 f - 9 scrolls of identify {unknown}
 h - a scroll of noise {unknown}
 i - 3 scrolls of teleportation {unknown}
 l - a scroll of summoning {unknown}
 r - a scroll of torment {unknown}
 v - 3 scrolls of fear {unknown}
 y - a scroll of magic mapping {unknown}
 A - a scroll of vulnerability {unknown}
 N - a scroll of enchant armour {unknown}
 O - a scroll of amnesia {unknown}
Potions
 m - 3 potions of flight
 s - 3 potions of might
 J - 3 potions of mutation
 K - a potion of magic {unknown}
 L - a potion of resistance {unknown}
 M - a potion of ambrosia {unknown}
 Q - a potion of lignification {unknown}
 R - 2 potions of invisibility {unknown}


   Skills:
 + Level 7.8 Fighting
 + Level 6.2 Short Blades
 + Level 6.2 Long Blades
 + Level 6.2 Axes
 + Level 6.2 Maces & Flails
 + Level 7.8 Polearms
 + Level 6.2 Staves
 + Level 6.2 Slings
 + Level 6.2 Bows
 + Level 6.2 Crossbows
 + Level 6.8 Throwing
 + Level 6.8 Armour
 + Level 7.8 Dodging
 + Level 6.2 Stealth
 + Level 6.2 Shields
 + Level 6.2 Unarmed Combat
 + Level 8.1 Spellcasting
 + Level 5.2 Conjurations
 + Level 5.2 Hexes
 + Level 5.2 Summonings
 + Level 5.2 Necromancy
 + Level 7.6 Translocations
 + Level 5.2 Transmutations
 + Level 5.2 Fire Magic
 + Level 5.2 Ice Magic
 + Level 5.2 Air Magic
 + Level 5.2 Earth Magic
 + Level 5.2 Poison Magic
 + Level 6.9 Invocations
 + Level 6.2 Evocations


You had 23 spell levels left.
You knew the following spells:

 Your Spells              Type           Power      Damage    Failure   Level
a - Blink                 Tloc           50%        N/A       1%          2
b - Sting                 Tmut/Pois      72%        1d6       1%          1

Your spell library contained the following spells:

 Spells                   Type           Power      Damage    Failure   Level
 Foxfire                  Conj/Fire      72%        2x1d7     1%          1
 Summon Small Mammal      Summ           72%        N/A       1%          1
 Gell's Gravitas          Tloc           25%        N/A       1%          3
 Lesser Beckoning         Tloc           25%        N/A       1%          3
 Teleport Other           Tloc           25%        N/A       1%          3
 Corpse Rot               Necr/Air       36%        N/A       2%          2
 Call Canine Familiar     Summ           18%        N/A       4%          3
 Conjure Flame            Conj/Fire      18%        6-21      4%          3
 Inner Flame              Hex/Fire       18%        N/A       4%          3
 Summon Guardian Golem    Hex/Summ       18%        N/A       4%          3
 Dispel Undead            Necr           18%        3d11      16%         4
 Flame Wave               Conj/Fire      18%        2d6       16%         4
 Manifold Assault         Tloc           25%        N/A       16%         5
 Dispersal                Tloc           12%        N/A       65%         6
 Death Channel            Necr           9%         N/A       94%         6
 Disjunction              Tloc           12%        N/A       100%        8


Dungeon Overview and Level Annotations

Branches:
Dungeon (11/15)            Temple (1/1) D:5            Lair (0/6) D:8
    Orc: D:9-12

Altars:
Ashenzari
Cheibriados
Dithmenos
Elyvilon
Fedhas
Gozag
Hepliaklqana
Kikubaaqudgha
Makhleb
Nemelex Xobeh
Okawaru
Qazlal
Ru
Sif Muna
Trog
Uskayaw
Vehumet
Wu Jian
Xom
Yredelemnul
Zin
The Shining One

Shops:
D:4 :

Annotations:
D:10 Fannar
D:11 Urug


Innate Abilities, Weirdness & Mutations

You have very sharp teeth.
Your uncanny sense of smell can sniff out nearby items.
Your experience applies equally to all skills.
You are robust. (+10% HP)


Message History

Throw: 15 darts (poison)
Press: ? - help, Q - select action, (/) - cycle Shift-Dir - straight line, f - Urug
Aim: Urug, wielding a +6 demon trident, wearing a +0 chain mail and quivering silver javelins (61% to hit)
You throw a poisoned dart. The poisoned dart hits Urug!
Urug is poisoned.
Unknown command.
Throw: 14 darts (poison)
Press: ? - help, Q - select action, (/) - cycle Shift-Dir - straight line, f/p - Urug
Aim: Urug, wielding a +6 demon trident, wearing a +0 chain mail and quivering silver javelins (lightly wounded, very poisoned, 61% to hit)
You throw a poisoned dart. The poisoned dart hits Urug!
Urug looks as sick as possible!
Urug is lightly wounded.
Urug throws a silver javelin.
The silver javelin barely misses you.
Throw: 13 darts (poison)
Press: ? - help, Q - select action, (/) - cycle Shift-Dir - straight line, f/p - Urug
Aim: Urug, wielding a +6 demon trident, wearing a +0 chain mail and quivering silver javelins (lightly wounded, extremely poisoned, 61% to hit)
You throw a poisoned dart. The poisoned dart barely misses Urug.
Unknown command.
Urug throws a silver javelin.
The silver javelin pierces through you! The silver sears you!
Urug throws a silver javelin.
The silver javelin pierces through you! The silver sears you!
Urug hits you with a +6 demon trident!
You hit Urug.
Urug is moderately wounded.
Urug completely misses you. Urug hits you with a +6 demon trident!!
* * * LOW HITPOINT WARNING * * *
Unknown command.
You sock Urug!
Urug is heavily wounded.
Urug hits you with a +6 demon trident!
* * * LOW HITPOINT WARNING * * *
Unknown command.
Okay, then.
Okay, then.
A divine shield forms around you! You block Urug's attack.
Unknown command.
You hit Urug but do no damage. Your bite misses Urug.
Urug is heavily wounded.
Urug hits you with a +6 demon trident!!
You die...

# .# #. .# .######.#####.
..(..........
#.(.........#
#..o........# #.
#.@......>..# #.
#...........# #.
#...........# #.
#....<......#
?#####.######...........#
.........................
.......)...#####.#####...
.......<...# #.# ..
...........# #.# .


You could see Urug (very poisoned).

Vanquished Creatures
  4 two-headed ogres
  An elephant (D:8)
  A kobold demonologist (D:7)
  A komodo dragon (D:10)
  A troll (D:10)
  A hornet (D:10)
  Prince Ribbit (D:8)
  2 wraiths (D:10)
  5 yaks (D:9)
  A wyvern (D:8)
  A basilisk (D:8)
  Menkaure (D:7)
  A water moccasin (D:6)
  Duvessa (D:7)
  An orc warrior (D:7)
  A sky beast (D:6)
  A black bear (D:8)
  4 centaurs
  An ogre (D:6)
  A phantom (D:6)
  Blork the orc (D:6)
  A gnoll sergeant (D:7)
  2 kobold brigands
  4 bullfrogs
  Dowan (D:7)
  A water moccasin skeleton (D:6)
  11 killer bees
  An electric eel (D:10)
  14 wights
  5 howler monkeys
  3 centaur zombies
  A bullfrog zombie (D:6)
  A hound (shapeshifter) (D:10)
  2 jellies
  A bullfrog skeleton (D:4)
  2 hounds
  2 orc priests (D:7)
  Natasha (thrice) (D:3)
  3 iguanas
  2 orc wizards
  A hound skeleton (D:4)
  A howler monkey zombie (D:8)
  Robin (D:2)
  14 gnolls
  A howler monkey skeleton (D:6)
  6 adders
  A white imp (D:7)
  2 worms
  3 dart slugs
  12 orcs
  9 ball pythons
  10 endoplasms
  2 giant cockroaches
  18 goblins
  13 hobgoblins
  4 jackals (D:5)
  A quokka (D:1)
  7 bats
  A frilled lizard (D:1)
  20 kobolds
  9 rats
228 creatures vanquished.

Vanquished Creatures (others)
  A troll (D:9)
  A yak (D:9)
  A fungus (D:8)
  4 plants
7 creatures vanquished.

Grand Total: 235 creatures vanquished

Notes
Turn   | Place    | Note
-------+----------+-------------------------------------------
     0 | D:1      | Ablot the Gnoll Warper began the quest for the Orb.
     0 | D:1      | Reached XP level 1. HP: 20/20 MP: 6/6
    42 | D:1      | Found a faded altar of an unknown god.
   201 | D:1      | Reached XP level 2. HP: 26/26 MP: 7/7
   444 | D:1      | Reached XP level 3. HP: 18/31 MP: 9/9
   451 | D:1      | Learned a level 2 spell: Blink
   611 | D:1      | Reached skill level 5 in Spellcasting
   956 | D:1      | Reached skill level 1 in Invocations
  1349 | D:2      | Reached skill level 1 in Short Blades
  1349 | D:2      | Reached skill level 1 in Long Blades
  1349 | D:2      | Reached skill level 1 in Axes
  1349 | D:2      | Reached skill level 1 in Maces & Flails
  1349 | D:2      | Reached skill level 1 in Staves
  1349 | D:2      | Reached skill level 1 in Slings
  1349 | D:2      | Reached skill level 1 in Bows
  1349 | D:2      | Reached skill level 1 in Crossbows
  1349 | D:2      | Reached skill level 1 in Stealth
  1349 | D:2      | Reached skill level 1 in Shields
  1349 | D:2      | Reached skill level 1 in Unarmed Combat
  1349 | D:2      | Reached skill level 1 in Evocations
  1384 | D:2      | Reached XP level 4. HP: 8/38 MP: 11/11
  1386 | D:2      | Gained mutation: You are robust. (+10% HP) [potion of
                  | mutation]
  1386 | D:2      | HP: 2/41 [poisoned by a gnoll]
  1934 | D:2      | Reached skill level 1 in Conjurations
  1934 | D:2      | Reached skill level 1 in Hexes
  1934 | D:2      | Reached skill level 1 in Summonings
  1934 | D:2      | Reached skill level 1 in Necromancy
  1934 | D:2      | Reached skill level 1 in Transmutations
  1934 | D:2      | Reached skill level 1 in Fire Magic
  1934 | D:2      | Reached skill level 1 in Ice Magic
  1934 | D:2      | Reached skill level 1 in Air Magic
  1934 | D:2      | Reached skill level 1 in Earth Magic
  1934 | D:2      | Reached skill level 1 in Poison Magic
  2039 | D:2      | Noticed Robin
  2043 | D:2      | Reached XP level 5. HP: 46/47 MP: 12/12
  2059 | D:2      | Killed Robin
  3656 | D:3      | Reached XP level 6. HP: 51/55 MP: 13/13
  3676 | D:4      | Noticed Natasha
  3689 | D:3      | Killed Natasha
  3838 | D:3      | Noticed Natasha
  3845 | D:3      | Killed Natasha
  3855 | D:3      | Noticed Natasha
  3861 | D:3      | Killed Natasha
  3862 | D:3      | Reached skill level 5 in Fighting
  3862 | D:3      | Reached skill level 5 in Polearms
  3862 | D:3      | Reached skill level 5 in Dodging
  4218 | D:4      | Found a shimmering blue altar of Sif Muna.
  4219 | D:4      | Found an ancient bone altar of Kikubaaqudgha.
  4220 | D:4      | Found a radiant altar of Vehumet.
  4225 | D:4      | Got Sif Muna's Collected Works on Changing
  4228 | D:4      | Learned a level 1 spell: Sting
  4412 | D:4      | Found Xeamurph's Book Shoppe.
  4635 | D:5      | Entered Level 5 of the Dungeon
  4840 | D:5      | Reached XP level 7. HP: 61/61 MP: 15/15
  5084 | D:5      | Found a staircase to the Ecumenical Temple.
  5093 | Temple   | Entered the Ecumenical Temple
  5298 | Temple   | Became a worshipper of Elyvilon the Healer
  6090 | D:6      | Reached * piety under Elyvilon
  6099 | D:6      | Found a stormy altar of Qazlal.
  6140 | D:6      | Found a snail-covered altar of Cheibriados.
  6295 | D:6      | Reached XP level 8. HP: 69/69 MP: 16/16
  6679 | D:6      | Noticed Blork the orc
  6691 | D:6      | Killed Blork the orc
  6692 | D:6      | Reached skill level 6 in Spellcasting
  7666 | D:7      | Noticed a kobold demonologist
  7916 | D:7      | Reached XP level 9. HP: 27/75 MP: 18/18
  8794 | D:7      | Noticed Duvessa
  8794 | D:7      | Noticed Dowan
  8815 | D:7      | Killed Duvessa
  8817 | D:7      | Killed Dowan
  9058 | D:7      | Reached skill level 5 in Throwing
  9058 | D:7      | Reached skill level 5 in Armour
  9136 | D:7      | Reached ** piety under Elyvilon
  9244 | D:7      | Noticed Menkaure
  9255 | D:7      | Killed Menkaure
  9655 | D:7      | Killed a kobold demonologist
  9656 | D:7      | Reached skill level 5 in Invocations
 10132 | D:8      | Noticed a two-headed ogre
 10150 | D:8      | Killed a two-headed ogre
 10151 | D:8      | Reached skill level 5 in Short Blades
 10151 | D:8      | Reached skill level 5 in Long Blades
 10151 | D:8      | Reached skill level 5 in Axes
 10151 | D:8      | Reached skill level 5 in Maces & Flails
 10151 | D:8      | Reached skill level 5 in Staves
 10151 | D:8      | Reached skill level 5 in Slings
 10151 | D:8      | Reached skill level 5 in Bows
 10151 | D:8      | Reached skill level 5 in Crossbows
 10151 | D:8      | Reached skill level 5 in Stealth
 10151 | D:8      | Reached skill level 5 in Shields
 10151 | D:8      | Reached skill level 5 in Unarmed Combat
 10151 | D:8      | Reached skill level 7 in Spellcasting
 10151 | D:8      | Reached skill level 5 in Evocations
 10151 | D:8      | Reached XP level 10. HP: 65/84 MP: 20/20
 10354 | D:8      | Noticed an elephant
 10355 | D:8      | Found a staircase to the Lair.
 10377 | D:8      | Killed an elephant
 10381 | D:8      | HP: 1/82 [wight/+0 battleaxe (12)]
 10381 | D:8      | Elyvilon protects you from harm!
 11367 | D:8      | Noticed Prince Ribbit
 11378 | D:8      | Killed Prince Ribbit
 11447 | D:8      | Noticed a two-headed ogre
 11466 | D:8      | Killed a two-headed ogre
 11898 | D:9      | Reached *** piety under Elyvilon
 11986 | D:9      | Identified the +8 chain mail of Depression {Harm *Corrode
                  | rF+ Str+2}
 12032 | D:9      | Identified the +11 flail "Ustrocef" {vorpal, SInv}
 12101 | D:9      | Noticed a two-headed ogre
 12105 | D:9      | Killed a two-headed ogre
 12228 | D:9      | Noticed a +0 hand axe
 12228 | D:9      | Noticed a +0 dagger
 12229 | D:9      | Found a hide-covered altar of Uskayaw.
 12236 | D:9      | Reached XP level 11. HP: 92/92 MP: 19/22
 12790 | D:10     | Entered Level 10 of the Dungeon
 12817 | D:10     | Noticed Fannar
 12869 | D:10     | Reached skill level 5 in Conjurations
 12869 | D:10     | Reached skill level 5 in Hexes
 12869 | D:10     | Reached skill level 5 in Summonings
 12869 | D:10     | Reached skill level 5 in Necromancy
 12869 | D:10     | Reached skill level 5 in Transmutations
 12869 | D:10     | Reached skill level 5 in Fire Magic
 12869 | D:10     | Reached skill level 5 in Ice Magic
 12869 | D:10     | Reached skill level 5 in Air Magic
 12869 | D:10     | Reached skill level 5 in Earth Magic
 12869 | D:10     | Reached skill level 5 in Poison Magic
 13085 | D:10     | Paralysed by a hornet for 2 turns
 13430 | D:10     | Found a sacrificial altar of Ru.
 13501 | D:10     | Reached skill level 8 in Spellcasting
 14016 | D:10     | Found a glowing golden altar of the Shining One.
 14144 | D:10     | Noticed a two-headed ogre
 14156 | D:10     | Killed a two-headed ogre
 14262 | D:11     | Noticed a boulder beetle
 14272 | D:10     | Fell from the grace of Elyvilon
 14272 | D:10     | Became a worshipper of the Shining One
 14272 | D:10     | Reached * piety under the Shining One
 14488 | D:11     | Noticed Urug
 14498 | D:11     | Demolished by Urug

Illustrated notes

Levels and vault maps discovered:
D:1:      wander_arrival_fairy_ring, layout_rooms,
          ebering_ecumenical_altar_petrified
D:2:      layout_loops_cross, uniq_robin
D:3:      layout_rooms, grunt_decor_arrowhead
D:4:      layout_basic, grunt_temple_overflow_magic_moments, serial_shops, shop,
          uniq_natasha
D:5:      layout_cave_pools, temple_hall
D:6:      layout_loops_cross, jmf_multi_god_temple, uniq_blork_the_orc
D:7:      layout_loops_cross, uniq_duvessa, uniq_menkaure
D:8:      minmay_spotlight, layout_loops_ring, david_lair_generic,
          uniq_prince_ribbit1
D:9:      layout_roguey, dancing_weapons_uskayaw
D:10:     layout_roguey, mainiacjoe_overflow_alcove_2, lemuel_crystal_altar,
          corexii_leaking_fountain, fountainhead, uniq_fannar
D:11:     layout_small_grid, kennysheep_orc_monster_closet_entryway,
          gauntlet_entry_generic, uniq_urug, uniq_psyche
Temple:   eino_narrow_crystal_temple

Skill      XL: |  1  2  3  4  5  6  7  8  9 10 11 |
---------------+----------------------------------+-----
Spellcasting   | 5 6 7 8 |  8.1
Invocations    | 1 2 3 4 5 6 |  6.9
Short Blades   | 1 2 3 5 6 |  6.2
Long Blades    | 1 2 3 5 6 |  6.2
Axes           | 1 2 3 5 6 |  6.2
Maces & Flails | 1 2 3 5 6 |  6.2
Staves         | 1 2 3 5 6 |  6.2
Slings         | 1 2 3 5 6 |  6.2
Bows           | 1 2 3 5 6 |  6.2
Crossbows      | 1 2 3 5 6 |  6.2
Stealth        | 1 2 3 5 6 |  6.2
Shields        | 1 2 3 5 6 |  6.2
Unarmed Combat | 1 2 3 5 6 |  6.2
Evocations     | 1 2 3 5 6 |  6.2
Conjurations   | 1 2 3 4 5 |  5.2
Hexes          | 1 2 3 4 5 |  5.2
Summonings     | 1 2 3 4 5 |  5.2
Necromancy     | 1 2 3 4 5 |  5.2
Transmutations | 1 2 3 4 5 |  5.2
Fire Magic     | 1 2 3 4 5 |  5.2
Ice Magic      | 1 2 3 4 5 |  5.2
Air Magic      | 1 2 3 4 5 |  5.2
Earth Magic    | 1 2 3 4 5 |  5.2
Poison Magic   | 1 2 3 4 5 |  5.2
Throwing       | 3 4 5 6 |  6.8
Armour         | 3 4 5 6 |  6.8
Fighting       | 5 6 7 |  7.8
Polearms       | 5 6 7 |  7.8
Dodging        | 5 6 7 |  7.8
Translocations | 6 7 |  7.6

Action                   |  1- 3 |  4- 6 |  7- 9 | 10-12 || total
-------------------------+-------+-------+-------+-------++-------
Melee: Spear             |   165 |     9 |       |       ||   174
       Bite              |    14 |    17 |    30 |    31 ||    92
       Punch             |     2 |       |     6 |     4 ||    12
       Halberd           |       |   191 |   185 |       ||   376
       War axe           |       |       |    92 |    89 ||   181
       Flail             |       |       |       |   102 ||   102
Throw: Stone             |       |     6 |       |       ||     6
       Boomerang         |       |     3 |    12 |     5 ||    20
       Dart              |       |       |    14 |    15 ||    29
 Cast: Blink             |       |     2 |     2 |     1 ||     5
       Sting             |       |       |       |     2 ||     2
Invok: Purification      |       |       |     1 |     2 ||     3
       Heal Other        |       |       |       |     3 ||     3
       Divine Shield     |       |       |       |     1 ||     1
  Use: Potion            |       |     3 |     3 |       ||     6
 Stab: Distracted        |     1 |     1 |       |       ||     2
       Sleeping          |       |     6 |     7 |     5 ||    18
Armor: Leather armour    |    37 |    68 |       |       ||   105
       Robe              |       |       |    85 |    58 ||   143
Dodge: Dodged            |    68 |   129 |   228 |   192 ||   617
Block: Other             |       |       |       |     1 ||     1
